AoeStats
← Generation Kill

Lombardia

508405382Analyzed
4v4 RM · 11d ago on Sep 22, 2026· 50m 42s· 8 players
Game mode
Random Map
Map size
Large (8 player)
Population
200
Speed
Normal
Resources
Standard
Victory
Conquest
Starting age
Dark Age
Ending age
Imperial Age
RankedLock teamsTeams togetherTeam positionsShared explorationLock speedFull tech treeHidden civsTurbo modeCheats
Victory
Defeat
🇨🇳 Britons · China
1234
+14
1178
+16
🇨🇳 Gurjaras · China
1137
+18
🇳🇿 Georgians · New Zealand
1129
+19
🇩🇿 Saracens · Algeria
1222
-18
🇸🇪 Japanese · Sweden
1200
-17
🇺🇸 Malay · United States
1169
-16
🇧🇪 Magyars · Belgium
1156
-16
jordham22
11:05 Feudal Age
10:39 Loom
16:38 Castle Age
16:32 Pikeman
20:12 Squires
26:06 Double-Bit Axe
26:02 Horse Collar
28:24 Bow Saw
33:05 Heavy Plow
33:42 Wheelbarrow
37:25 Imperial Age
35:57 Hand Cart
35:28 Town Watch
37:01 Forging
36:56 Scale Barding Armor
36:17 Halberdier
36:20 Elite Battle Elephant
37:01 Husbandry
39:57 Iron Casting
41:13 Crop Rotation
40:56 Caravan
43:30 Blast Furnace
45:30 Forced Levy
46:35 Masonry
48:21 Conscription
sabin_schy
12:37 Feudal Age
13:22 Double-Bit Axe
13:36 Loom
13:34 Horse Collar
15:16 Scale Barding Armor
15:58 Bloodlines
18:58 Wheelbarrow
22:11 Castle Age
22:12 Light Cavalry
23:23 Husbandry
23:48 Chain Barding Armor
23:46 Bow Saw
23:42 Heavy Plow
25:36 Hand Cart
26:04 Stone Mining
26:04 Gold Mining
29:39 Fletching
34:07 Treadmill Crane
37:00 Imperial Age
35:03 Bodkin Arrow
35:38 Ballistics
36:30 Corvinian Army
36:58 Padded Archer Armor
37:47 Hussar
39:27 Gold Shaft Mining
39:56 Two-Man Saw
40:17 Conscription
40:10 Bracer
40:20 Elite Magyar Huszar
42:26 Hoardings
42:56 Chemistry
43:06 Crop Rotation
43:18 Plate Barding Armor
44:56 Heavy Cavalry Archer
46:02 Parthian Tactics
46:17 Leather Archer Armor
46:16 Thumb Ring
47:40 Ring Archer Armor
47:12 Caravan
47:44 Coinage
48:17 Recurve Bow
Generation Kill
5:43 Loom
11:36 Feudal Age
15:21 Castle Age
13:52 Double-Bit Axe
14:40 Horse Collar
23:00 Wheelbarrow
23:01 Stone Mining
23:50 Bow Saw
23:43 Heavy Plow
24:52 Hand Cart
25:51 Town Watch
27:23 Gold Mining
29:50 Gold Shaft Mining
30:05 Fletching
31:08 Ballistics
33:38 Imperial Age
31:28 Elite Skirmisher
32:14 Thumb Ring
32:31 Fortified Wall
32:49 Bodkin Arrow
34:49 Parthian Tactics
34:51 Conscription
34:34 Yasama
34:06 Heavy Cavalry Archer
35:49 Chemistry
35:48 Guard Tower
35:55 Murder Holes
38:47 Keep
38:38 Arrowslits
41:44 Masonry
42:03 Bracer
42:04 Padded Archer Armor
43:23 Two-Man Saw
43:24 Bloodlines
43:14 Husbandry
44:07 Siege Engineers
44:09 Caravan
46:13 Kataparuto
45:37 Treadmill Crane
HDm
4:33 Loom
11:19 Feudal Age
15:40 Castle Age
13:29 Double-Bit Axe
13:54 Horse Collar
15:48 Wheelbarrow
23:02 Gold Mining
24:13 Stone Mining
26:40 Bow Saw
27:30 Hand Cart
27:55 Gold Shaft Mining
33:01 Imperial Age
33:08 Scale Barding Armor
33:13 Forging
33:09 Caravan
33:39 Coinage
33:12 Heavy Camel Rider
34:05 Bloodlines
33:55 Husbandry
34:17 Conscription
33:21 Elite Mameluke
34:14 Capped Ram
36:25 Chemistry
35:07 Treadmill Crane
36:05 Iron Casting
35:53 Chain Barding Armor
35:43 Padded Archer Armor
36:22 Siege Ram
42:16 Plate Barding Armor
42:45 Blast Furnace
42:03 Leather Archer Armor
44:37 Ring Archer Armor
717504720
10:18 Feudal Age
11:05 Loom
14:17 Castle Age
12:19 Double-Bit Axe
13:04 Horse Collar
15:41 Bow Saw
15:22 Loom
15:55 Heavy Plow
20:06 Wheelbarrow
19:08 Man-at-Arms
22:15 Hand Cart
23:40 Gold Mining
23:41 Stone Mining
29:10 Imperial Age
27:31 Gold Shaft Mining
27:34 Stone Shaft Mining
27:53 Scale Barding Armor
29:00 Chain Barding Armor
28:50 Forging
28:53 Bloodlines
28:43 Husbandry
28:17 Man-at-Arms
29:27 Husbandry
29:24 Town Watch
30:14 Kshatriyas
30:08 Heavy Camel Rider
31:32 Crop Rotation
31:55 Ballistics
31:28 Fletching
32:59 Chemistry
33:01 Plate Barding Armor
32:35 Caravan
33:55 Iron Casting
33:03 Treadmill Crane
33:22 Bodkin Arrow
34:13 Masonry
34:26 Conscription
35:38 Bracer
36:09 Architecture
35:35 Murder Holes
36:45 Fortified Wall
42:53 Hoardings
43:04 Hoardings
FinRahZel
11:23 Feudal Age
11:49 Double-Bit Axe
13:04 Horse Collar
19:00 Castle Age
22:39 Loom
24:23 Bow Saw
28:59 Gold Mining
29:01 Stone Mining
34:51 Imperial Age
33:25 Stone Shaft Mining
33:12 Fletching
33:47 Svan Towers
34:47 Ballistics
34:25 Bodkin Arrow
34:40 Caravan
35:39 Bracer
35:32 Guard Tower
35:29 Arrowslits
36:11 Conscription
37:02 Guilds
36:50 Treadmill Crane
37:59 Keep
38:47 Chemistry
39:01 Murder Holes
40:23 Scale Barding Armor
40:29 Forging
42:14 Coinage
42:39 Chain Barding Armor
42:57 Iron Casting
41:45 Elite Monaspa
43:56 Bloodlines
43:47 Husbandry
45:36 Plate Barding Armor
46:02 Blast Furnace
49:37 Aznauri Cavalry
smallpox04
8:45 Loom
10:55 Feudal Age
11:44 Double-Bit Axe
14:17 Horse Collar
18:56 Castle Age
19:02 Castle Age
20:57 Heavy Plow
21:33 Wheelbarrow
22:27 Bow Saw
23:24 Town Watch
26:16 Gold Mining
28:26 Gold Shaft Mining
28:49 Fletching
28:59 Stone Mining
29:46 Bodkin Arrow
30:48 Yeomen
30:31 Padded Archer Armor
31:21 Hand Cart
34:25 Imperial Age
32:25 Leather Archer Armor
32:32 Ballistics
33:30 Pikeman
34:12 Scale Mail Armor
36:11 Chemistry
35:12 Bracer
35:33 Conscription
35:37 Onager
36:52 Town Patrol
36:48 Elite Longbowman
38:15 Fortified Wall
37:34 Halberdier
38:25 Forging
39:03 Caravan
39:14 Guilds
39:17 Arrowslits
39:44 Masonry
39:50 Chain Mail Armor
40:58 Squires
41:29 Plate Mail Armor
41:34 Iron Casting
41:24 Siege Engineers
42:07 Treadmill Crane
43:28 Coinage
44:01 Warwolf
44:33 Architecture
43:54 Guard Tower
45:14 Ring Archer Armor
44:43 Guard Tower
44:49 Murder Holes
46:22 Keep
47:30 Hoardings
等我直帝进供给你们
10:36 Feudal Age
9:57 Loom
11:46 Double-Bit Axe
12:49 Horse Collar
14:55 Bloodlines
23:00 Castle Age
21:13 Scale Barding Armor
24:12 Bow Saw
23:29 Light Cavalry
24:10 Husbandry
24:10 Gold Mining
24:29 Heavy Plow
25:07 Wheelbarrow
26:42 Chain Barding Armor
31:16 Hand Cart
37:17 Imperial Age
37:49 Hussar
40:09 Two-Man Saw
39:41 Crop Rotation
39:03 Stone Mining
39:48 Gold Shaft Mining
39:03 Stone Mining
39:49 Gold Shaft Mining
40:13 Plate Barding Armor
41:59 Conscription
41:56 Capped Ram
Connection lost

Rejoining the realm…

Still unreachable

The connection could not be restored.

Session expired

The server has moved on; the page needs a fresh start.